Wolfpack vs Marlies
Created - February 21, 2025 at 20:21
Goals
|
| Wolfpack |
0 |
1 |
4 |
1 |
6 |
| Marlies |
1 |
0 |
4 |
0 |
5 |
|
Shots
|
| Wolfpack |
9 |
10 |
15 |
4 |
38 |
| Marlies |
7 |
13 |
13 |
0 |
33 |
|
1st period
1. Marlies , Tyler Benson 11 (Martin Necas 25, Rasmus Dahlin 26) at 12:23 (PP)
Penalties :
Lucas Carlsson (Tor) for Tripping (Minor) at 0:22, Nolan Patrick (Har) for Roughing (Minor) at 12:10, Mathieu Olivier (Tor) for Holding (Minor) at 14:38, Mikhail Vorobyev (Har) for Tripping (Minor) at 18:26
2nd period
2. Wolfpack , Colton White 6 (Sebastian Collberg 26, Nolan Patrick 33) at 17:35 (PP)
Penalties :
Arthur Kaliyev (Tor) for Tripping (Minor) at 11:47, Xavier Bernard (Tor) for Goalie Interference (Minor) at 17:26, Dryden Hunt (Har) for Roughing (Minor) at 18:38
3rd period
3. Wolfpack , Alex Barre-Boulet 16 (Owen Tippet 18, Derrick Pouliot 38) at 1:50
4. Marlies , Kole Sherwood 5 (Rasmus Dahlin 27, Alex Formenton 11) at 2:41
5. Marlies , Tyler Benson 12 (Lucas Carlsson 20) at 3:53 (PP)
6. Wolfpack , Linus Sandin 2 (K'Andre Miller 11, Ryan Culkin 17) at 7:34
7. Marlies , Aleksi Saarela 35 (Martin Necas 26, Rasmus Dahlin 28) at 7:50
8. Marlies , Tyler Benson 13 (Aleksi Saarela 28, Lucas Carlsson 21) at 8:02
9. Wolfpack , Alexander Barabanov 23 (Alex Barre-Boulet 28) at 9:06
10. Wolfpack , Linus Sandin 3 (Colton White 27) at 12:38
Penalties :
Alexander Barabanov (Har) for Holding (Minor) at 3:37, Nolan Patrick (Har) for Tripping (Minor) at 4:10, Tyler Benson (Tor) for Tripping (Minor) at 4:17
Overtime #1
11. Wolfpack , Owen Tippet 16 (Derrick Pouliot 39, Dryden Hunt 16) at 2:15
Penalties :
No Penalty
Goalie Stats
Charlie Lindgren (Har), 28 saves from 33 shots - (0.848), W, 17-8-1, 62:15 minutes
Maxime Lagace (Tor), 32 saves from 38 shots - (0.842), OTL, 9-8-3, 62:15 minutes
Players Stats for Wolfpack
Player Name G A P +/- PIM S H SB GA TA FO MP PP MP PK MP
------------------------------------------------------------------------------------
Alex Barre-Boulet 1 1 2 3 0 5 3 1 1 0 4/12 16:20 2:38 0:00
Alexander Barabanov 1 0 1 2 2 2 2 0 1 0 1/1 18:45 2:38 0:57
Alexander Volkov 0 0 0 0 0 0 0 0 0 0 0/0 2:13 0:24 0:00
Andrei Altybarmakyan 0 0 0 -1 0 0 2 0 1 1 0/0 9:57 0:00 0:00
Andrew Peeke 0 0 0 0 0 0 0 0 0 0 0/0 3:42 0:00 0:00
Cale Fleury 0 0 0 0 0 2 0 0 0 0 0/0 10:00 0:00 0:00
Colton White 1 1 2 0 0 3 1 3 0 1 0/0 28:07 3:49 2:49
Dante Fabbro 0 0 0 0 0 0 0 0 0 0 0/0 3:42 0:00 0:00
Derrick Pouliot 0 2 2 1 0 5 3 2 1 0 0/0 28:26 3:49 2:49
Dryden Hunt 0 1 1 -2 2 1 3 0 0 0 2/3 21:26 3:11 0:38
Dylan Samberg 0 0 0 0 0 0 0 0 0 0 0/0 0:00 0:00 0:00
Jeffrey Viel 0 0 0 2 0 0 1 0 0 0 0/0 6:30 0:00 0:00
Joshua Jacobs 0 0 0 0 0 0 2 0 0 0 0/0 10:00 0:00 0:00
K'Andre Miller 0 1 1 1 0 1 0 2 0 0 0/0 19:09 2:24 1:45
Linus Sandin 2 0 2 2 0 2 2 0 2 0 0/1 7:00 0:12 0:00
Martin Kaut 0 0 0 0 0 0 0 0 0 0 0/0 1:25 0:12 0:00
Mason Shaw 0 0 0 2 0 1 1 0 0 0 0/0 7:04 0:07 0:00
Mikhail Vorobyev 0 0 0 -1 2 2 1 0 0 0 3/3 10:18 0:00 0:00
Nolan Patrick 0 1 1 -2 4 2 3 1 0 2 18/38 23:33 3:23 3:02
Owen Tippet 1 1 2 3 0 4 2 0 0 0 0/0 16:33 2:38 0:00
Ryan Culkin 0 1 1 1 0 1 2 1 0 0 0/0 19:09 2:24 1:45
Sebastian Collberg 0 1 1 -2 0 7 4 1 0 0 8/14 24:43 3:16 3:22
Shane Pinto 0 0 0 0 0 0 0 0 0 0 0/1 2:15 0:00 1:09
Yegor Korshkov 0 0 0 -1 0 0 0 1 0 0 0/0 9:57 0:00 0:00
Players Stats for Marlies
Player Name G A P +/- PIM S H SB GA TA FO MP PP MP PK MP
------------------------------------------------------------------------------------
Aleksi Saarela 1 1 2 2 0 4 3 1 1 1 18/45 23:49 2:49 3:07
Alex Formenton 0 1 1 -1 0 1 2 0 0 0 1/1 17:43 1:45 0:57
Arthur Kaliyev 0 0 0 -1 2 1 1 0 0 0 0/1 7:09 0:00 0:00
Dennis Gilbert 0 0 0 -1 0 2 2 0 0 0 0/0 19:38 1:00 2:45
Dmitri Samorukov 0 0 0 -1 0 1 0 1 0 0 0/0 10:25 0:00 0:00
Hugh McGing 0 0 0 -1 0 0 0 0 0 0 0/0 6:50 0:00 0:00
Isac Lundestrom 0 0 0 -1 0 0 1 0 0 0 4/5 10:26 0:00 0:24
Jacob Bernard-Docker 0 0 0 -1 0 0 0 0 0 0 0/0 11:32 0:00 1:02
Jakob Forsbacka-Karlsson 0 0 0 -1 0 1 1 1 0 0 1/1 6:50 0:00 0:00
Jan Jenik 0 0 0 0 0 0 0 0 0 0 0/0 0:00 0:00 0:00
Joel Farabee 0 0 0 -1 0 4 0 1 0 0 1/1 10:45 0:00 0:00
Jonathan Davidsson 0 0 0 0 0 0 0 0 0 0 0/0 0:00 0:00 0:00
Jonathan Gruden 0 0 0 0 0 0 0 0 0 0 0/0 0:00 0:00 0:00
Keaton Thompson 0 0 0 -1 0 1 0 0 0 1 0/0 19:59 1:00 2:45
Kole Sherwood 1 0 1 -1 0 3 1 1 0 0 0/0 9:53 0:00 0:00
Lucas Carlsson 0 2 2 0 2 1 2 2 0 1 0/0 30:08 3:34 2:07
Martin Necas 0 2 2 1 0 2 1 0 2 1 5/5 22:01 2:49 2:08
Mathieu Olivier 0 0 0 -2 2 5 1 0 1 2 1/1 17:56 1:45 1:27
Matthew Highmore 0 0 0 -1 0 2 1 1 0 0 6/10 15:14 1:45 0:00
Otto Koivula 0 0 0 0 0 0 0 0 0 0 0/0 1:26 0:00 0:06
Rasmus Dahlin 0 3 3 1 0 1 0 1 0 0 0/0 25:17 3:34 3:11
Samuel Fagemo 0 0 0 0 0 0 0 0 0 0 0/0 0:54 0:00 0:00
Tyler Benson 3 0 3 2 2 4 0 0 0 0 0/3 22:47 2:48 3:02
Vasili Podkolzin 0 0 0 0 0 0 0 0 0 0 0/0 2:33 0:00 1:15
Xavier Bernard 0 0 0 0 2 0 0 0 0 0 0/0 5:19 0:00 0:36
3 Stars
1 - Tyler Benson (Tor)
2 - Linus Sandin (Har)
3 - Alex Barre-Boulet (Har)
Power Play
Wolfpack - 1 on 6 Attempt(s) - 16.67%
Marlies - 2 on 5 Attempt(s) - 40.00%
Penalty Kill
Wolfpack - 3 on 5 Attempt(s) - 60.00%
- Score 0 goal in Penalty Kill
Marlies - 5 on 6 Attempt(s) - 83.33%
- Score 0 goal in Penalty Kill
Team Stat
Wolfpack - Hits : 32 - Faceoff Wins : 36 - Blocked Shots : 12 - Penalty Minutes : 10
Marlies - Hits : 16 - Faceoff Wins : 37 - Blocked Shots : 9 - Penalty Minutes : 10
Official
Referees : Garrett Rank and Marc Joannette
Linesman : Shandor Alphonso and Bevan Mills
Game Notes
8:39 of 1st period - Penalty Shot by Dennis Gilbert for Marlies - Shot Misses the Net
Tyler Benson has scored a Hat Trick!
Finance
Level 1 -- Attendance: 1725 (86.25%) -- Ticket Income $120,750
Level 2 -- Attendance: 987 (98.70%) -- Ticket Income $39,480
Total Attendance: 2712 (90.40%)
Total Ticket Income: $160,230
Other Income: $8,012
Total Income: $168,242
Wolfpack
5 vs 5 Forward
Center Left Wing Right Wing Time % Phy DF OF
1 Nolan Patrick Dryden Hunt Sebastian Collberg 40 1 2 2
2 Alex Barre-Boulet Alexander Barabanov Owen Tippet 30 1 2 2
3 Mikhail Vorobyev Yegor Korshkov Andrei Altybarmakyan 20 1 2 2
4 Mason Shaw Jeffrey Viel Linus Sandin 10 1 2 2
5 vs 5 Defense
Defense Defense Time % Phy DF OF
1 Derrick Pouliot Colton White 40 1 2 2
2 Ryan Culkin K'Andre Miller 30 1 2 2
3 Cale Fleury Joshua Jacobs 20 1 2 2
4 Andrew Peeke Dante Fabbro 10 1 2 2
PowerPlay Forward
Center Left Wing Right Wing Time % Phy DF OF
1 Nolan Patrick Dryden Hunt Sebastian Collberg 60 1 2 2
2 Alex Barre-Boulet Alexander Barabanov Owen Tippet 40 1 2 2
PowerPlay Defense
Defense Defense Time % Phy DF OF
1 Derrick Pouliot Colton White 60 1 2 2
2 Ryan Culkin K'Andre Miller 40 1 2 2
Penalty Kill 4 Players Forward
Center Wing Time % Phy DF OF
1 Sebastian Collberg Nolan Patrick 60 1 2 2
2 Dryden Hunt Alexander Barabanov 40 1 2 2
Penalty Kill 4 Players Defense
Defense Defense Time % Phy DF OF
1 Derrick Pouliot Colton White 60 1 2 2
2 Ryan Culkin K'Andre Miller 40 1 2 2
Penalty Kill - 3 Players Forward
Forward Time % Phy DF OF
1 Sebastian Collberg 60 1 2 2
2 Nolan Patrick 40 1 2 2
Penalty Kill - 3 Players Defense
Defense Defense Time % Phy DF OF
1 Derrick Pouliot Colton White 60 1 2 2
2 Ryan Culkin K'Andre Miller 40 1 2 2
4 vs 4 Forward
Center Wing Time % Phy DF OF
1 Sebastian Collberg Nolan Patrick 60 1 2 2
2 Dryden Hunt Alexander Barabanov 40 1 2 2
4 vs 4 Defense
Defense Defense Time % Phy DF OF
1 Derrick Pouliot Colton White 60 1 2 2
2 Ryan Culkin K'Andre Miller 40 1 2 2
Last Minutes Offensive
Center Left Wing Right Wing Defense Defense
Nolan Patrick Dryden Hunt Sebastian Collberg Derrick Pouliot Colton White
Last Minutes Defensive
Center Left Wing Right Wing Defense Defense
Nolan Patrick Dryden Hunt Sebastian Collberg Derrick Pouliot Colton White
Goaltenders
Starting : Charlie Lindgren
Backup : Samuel Ersson
Extra Forwards
Normal : Alexander Volkov, Martin Kaut, Shane Pinto - PP : Alexander Volkov, Martin Kaut - PK : Shane Pinto
Extra Defensemen
Normal : Dylan Samberg, Cale Fleury, Joshua Jacobs - PP : Dylan Samberg - PK : Cale Fleury, Joshua Jacobs
Penalty Shots
Sebastian Collberg, Nolan Patrick, Dryden Hunt, Alexander Barabanov, Owen Tippet
Custom OT Lines Forwards
Sebastian Collberg, Nolan Patrick, Dryden Hunt, Alexander Barabanov, Owen Tippet, Alex Barre-Boulet, Mikhail Vorobyev, Andrei Altybarmakyan, Linus Sandin, Alexander Volkov
Custom OT Lines Defensemen
Derrick Pouliot, Colton White, Ryan Culkin, K'Andre Miller, Cale Fleury
Scratches
Ryan Poehling (Healthy), Ben Jones (Healthy), Samuel Houde (Healthy), Jake Marchment (Strained Left Knee Injury), Jack Drury (Healthy)
Jakub Lauko (Broken Right Foot Toe Injury), Mathias Laferriere (Healthy), Maxwell Crozier (Healthy), Will Francis (Healthy), Dustin Wolf (Healthy)
Marlies
5 vs 5 Forward
Center Left Wing Right Wing Time % Phy DF OF
1 Aleksi Saarela Tyler Benson Martin Necas 40 1 2 2
2 Matthew Highmore Alex Formenton Mathieu Olivier 30 1 2 2
3 Isac Lundestrom Joel Farabee Kole Sherwood 20 1 2 2
4 Jakob Forsbacka-Karlsson Hugh McGing Arthur Kaliyev 10 1 2 2
5 vs 5 Defense
Defense Defense Time % Phy DF OF
1 Lucas Carlsson Rasmus Dahlin 40 1 2 2
2 Keaton Thompson Dennis Gilbert 30 1 2 2
3 Dmitri Samorukov Jacob Bernard-Docker 20 1 2 2
4 Xavier Bernard Lucas Carlsson 10 1 2 2
PowerPlay Forward
Center Left Wing Right Wing Time % Phy DF OF
1 Aleksi Saarela Tyler Benson Martin Necas 60 1 2 2
2 Matthew Highmore Alex Formenton Mathieu Olivier 40 1 2 2
PowerPlay Defense
Defense Defense Time % Phy DF OF
1 Lucas Carlsson Rasmus Dahlin 60 1 2 2
2 Keaton Thompson Dennis Gilbert 40 1 2 2
Penalty Kill 4 Players Forward
Center Wing Time % Phy DF OF
1 Aleksi Saarela Tyler Benson 60 1 2 2
2 Martin Necas Mathieu Olivier 40 1 2 2
Penalty Kill 4 Players Defense
Defense Defense Time % Phy DF OF
1 Lucas Carlsson Rasmus Dahlin 60 1 2 2
2 Keaton Thompson Dennis Gilbert 40 1 2 2
Penalty Kill - 3 Players Forward
Forward Time % Phy DF OF
1 Aleksi Saarela 60 1 2 2
2 Tyler Benson 40 1 2 2
Penalty Kill - 3 Players Defense
Defense Defense Time % Phy DF OF
1 Lucas Carlsson Rasmus Dahlin 60 1 2 2
2 Keaton Thompson Dennis Gilbert 40 1 2 2
4 vs 4 Forward
Center Wing Time % Phy DF OF
1 Aleksi Saarela Tyler Benson 60 1 2 2
2 Martin Necas Mathieu Olivier 40 1 2 2
4 vs 4 Defense
Defense Defense Time % Phy DF OF
1 Lucas Carlsson Rasmus Dahlin 60 1 2 2
2 Keaton Thompson Dennis Gilbert 40 1 2 2
Last Minutes Offensive
Center Left Wing Right Wing Defense Defense
Aleksi Saarela Tyler Benson Martin Necas Lucas Carlsson Rasmus Dahlin
Last Minutes Defensive
Center Left Wing Right Wing Defense Defense
Aleksi Saarela Tyler Benson Martin Necas Lucas Carlsson Rasmus Dahlin
Goaltenders
Starting : Maxime Lagace
Backup : Logan Thompson
Extra Forwards
Normal : Otto Koivula, Samuel Fagemo, Vasili Podkolzin - PP : Otto Koivula, Samuel Fagemo - PK : Vasili Podkolzin
Extra Defensemen
Normal : Dmitri Samorukov, Jacob Bernard-Docker, Xavier Bernard - PP : Dmitri Samorukov - PK : Jacob Bernard-Docker, Xavier Bernard
Penalty Shots
Aleksi Saarela, Tyler Benson, Martin Necas, Mathieu Olivier, Alex Formenton
Custom OT Lines Forwards
Aleksi Saarela, Tyler Benson, Martin Necas, Mathieu Olivier, Alex Formenton, Joel Farabee, Kole Sherwood, Matthew Highmore, Hugh McGing, Isac Lundestrom
Custom OT Lines Defensemen
Lucas Carlsson, Rasmus Dahlin, Keaton Thompson, Dennis Gilbert, Dmitri Samorukov
Scratches
Lias Andersson (Left Hip Injury), Pierre-Olivier Joseph (Bruised Right Arm Injury), Blake Murray (Healthy), Veini Vehvilainen (Healthy), Matthew Thiessen (Healthy)
% Time on Ice - Wolfpack
Lines # - Real PCT - Wanted PCT - Time Play
Normal Forward
1 - 34% - 40% - 16:17
2 - 31% - 30% - 14:37
3 - 21% - 20% - 9:57
4 - 14% - 10% - 6:30
Normal Defense
1 - 41% - 40% - 19:17
2 - 30% - 30% - 14:22
3 - 21% - 20% - 10:00
4 - 8% - 10% - 3:42
PP Forward
1 - 58% - 60% - 3:35
2 - 42% - 40% - 2:38
PP Defense
1 - 61% - 60% - 3:49
2 - 39% - 40% - 2:24
PK Forward
1 - 79% - 60% - 3:37
2 - 21% - 40% - 0:57
PK Defense
1 - 62% - 60% - 2:49
2 - 38% - 40% - 1:45
PK3 Forward
1 - 0% - 60%
2 - 0% - 40%
PK3 Defense
1 - 0% - 60%
2 - 0% - 40%
44 Forward
1 - 100% - 60% - 1:52
2 - 0% - 40% - 0:00
44 Defense
1 - 66% - 60% - 1:14
2 - 34% - 40% - 0:38
Last Minute Offensive - 0:00
Last Minute Defensive - 0:00
Total
Forward - 60:00
Defense - 60:00
|
% Time on Ice - Marlies
Lines # - Real PCT - Wanted PCT - Time Play
Normal Forward
1 - 34% - 40% - 16:06
2 - 31% - 30% - 14:32
3 - 21% - 20% - 9:53
4 - 14% - 10% - 6:50
Normal Defense
1 - 36% - 40% - 17:11
2 - 32% - 30% - 15:06
3 - 22% - 20% - 10:25
4 - 10% - 10% - 4:39
PP Forward
1 - 62% - 60% - 2:49
2 - 38% - 40% - 1:45
PP Defense
1 - 78% - 60% - 3:34
2 - 22% - 40% - 1:00
PK Forward
1 - 66% - 60% - 4:05
2 - 34% - 40% - 2:08
PK Defense
1 - 56% - 60% - 3:28
2 - 44% - 40% - 2:45
PK3 Forward
1 - 0% - 60%
2 - 0% - 40%
PK3 Defense
1 - 0% - 60%
2 - 0% - 40%
44 Forward
1 - 100% - 60% - 1:52
2 - 0% - 40% - 0:00
44 Defense
1 - 58% - 60% - 1:05
2 - 42% - 40% - 0:47
Last Minute Offensive - 0:00
Last Minute Defensive - 0:00
Total
Forward - 60:00
Defense - 60:00
|
Play-by-Play
1st period
0:01 of 1st period - Nolan Patrick wins face-off versus Aleksi Saarela in neutral zone.
0:16 of 1st period - Wrist shot by Nolan Patrick.
0:16 of 1st period - Shot Misses the Net.
0:22 of 1st period - Minor Penalty to Lucas Carlsson for Tripping.
0:23 of 1st period - Aleksi Saarela wins face-off versus Nolan Patrick in Marlies zone.
0:54 of 1st period - Wrist shot by Derrick Pouliot.
0:54 of 1st period - Shot Blocked by Rasmus Dahlin.
0:56 of 1st period - Snap shot by Derrick Pouliot.
0:56 of 1st period - Shot Misses the Net.
0:58 of 1st period - Snap shot by Colton White.
0:58 of 1st period - Deflect By Rasmus Dahlin.
0:58 of 1st period - Stopped by Maxime Lagace with a rebound.
2:22 of 1st period - Penalty to Lucas Carlsson is over, Lucas Carlsson is back on ice.
3:10 of 1st period - Mikhail Vorobyev is hit by Alex Formenton and loses puck.
3:31 of 1st period - Slapshot by Kole Sherwood.
3:31 of 1st period - Deflect By Alexander Barabanov.
3:31 of 1st period - Shot Blocked by Alex Barre-Boulet.
3:31 of 1st period - Puck is out of play.
3:32 of 1st period - Isac Lundestrom wins face-off versus Alex Barre-Boulet in Wolfpack zone.
3:33 of 1st period - Slapshot by Joel Farabee.
3:33 of 1st period - Stopped by Charlie Lindgren without a rebound.
3:34 of 1st period - Isac Lundestrom wins face-off versus Nolan Patrick in Wolfpack zone.
3:43 of 1st period - Slapshot by Nolan Patrick.
3:43 of 1st period - Shot Misses the Net.
3:45 of 1st period - Wrist shot by Nolan Patrick.
3:45 of 1st period - Shot Blocked by Joel Farabee.
3:47 of 1st period - Slapshot by Sebastian Collberg.
3:47 of 1st period - Stopped by Maxime Lagace without a rebound.
3:48 of 1st period - Aleksi Saarela wins face-off versus Alex Barre-Boulet in Marlies zone.
4:21 of 1st period - Matthew Highmore is hit by Sebastian Collberg.
4:48 of 1st period - Icing by Lucas Carlsson.
4:49 of 1st period - Nolan Patrick wins face-off versus Arthur Kaliyev in Marlies zone.
4:54 of 1st period - Wrist shot by Nolan Patrick.
4:54 of 1st period - Shot Misses the Net.
5:02 of 1st period - Snap shot by Nolan Patrick.
5:02 of 1st period - Shot Misses the Net.
5:04 of 1st period - Snap shot by Nolan Patrick.
5:04 of 1st period - Shot Misses the Net.
6:14 of 1st period - Wrist shot by Aleksi Saarela.
6:14 of 1st period - Stopped by Charlie Lindgren without a rebound.
6:15 of 1st period - Mikhail Vorobyev wins face-off versus Aleksi Saarela in Wolfpack zone.
6:22 of 1st period - K'Andre Miller is hit by Aleksi Saarela and loses puck.
7:31 of 1st period - Snap shot by Linus Sandin.
7:31 of 1st period - Shot Hit the Post.
7:33 of 1st period - Snap shot by K'Andre Miller.
7:33 of 1st period - Stopped by Maxime Lagace without a rebound.
7:34 of 1st period - Alex Barre-Boulet wins face-off versus Aleksi Saarela in Marlies zone.
7:35 of 1st period - Snap shot by Owen Tippet.
7:35 of 1st period - Shot Hit the Post.
7:37 of 1st period - Wrist shot by Alexander Barabanov.
7:37 of 1st period - Stopped by Maxime Lagace with a rebound.
7:39 of 1st period - Wrist shot by Alex Barre-Boulet.
7:39 of 1st period - Shot Misses the Net.
7:41 of 1st period - Snap shot by Cale Fleury.
7:41 of 1st period - Stopped by Maxime Lagace without a rebound.
7:42 of 1st period - Alexander Barabanov wins face-off versus Aleksi Saarela in Marlies zone.
7:43 of 1st period - Wrist shot by Alex Barre-Boulet.
7:43 of 1st period - Stopped by Maxime Lagace without a rebound.
7:44 of 1st period - Martin Necas wins face-off versus Alex Barre-Boulet in Marlies zone.
8:23 of 1st period - Slapshot by Alex Barre-Boulet.
8:23 of 1st period - Stopped by Maxime Lagace with a rebound.
8:25 of 1st period - Slapshot by Owen Tippet.
8:25 of 1st period - Stopped by Maxime Lagace without a rebound.
8:26 of 1st period - Matthew Highmore wins face-off versus Nolan Patrick in Marlies zone.
8:26 of 1st period - Matthew Highmore is hit by Derrick Pouliot.
8:32 of 1st period - Snap shot by Alex Formenton.
8:32 of 1st period - Stopped by Charlie Lindgren without a rebound.
8:33 of 1st period - Sebastian Collberg wins face-off versus Matthew Highmore in Wolfpack zone.
8:39 of 1st period - Penalty Shot by Dennis Gilbert for Marlies.
8:39 of 1st period - Deke by Dennis Gilbert.
8:39 of 1st period - Shot Misses the Net.
8:40 of 1st period - Nolan Patrick wins face-off versus Tyler Benson in Marlies zone.
9:48 of 1st period - Dennis Gilbert is hit by Ryan Culkin and loses puck.
10:53 of 1st period - Snap shot by Kole Sherwood.
10:53 of 1st period - Shot Misses the Net.
10:59 of 1st period - Slapshot by Joel Farabee.
10:59 of 1st period - Shot Blocked by Ryan Culkin.
11:11 of 1st period - Wrist shot by Aleksi Saarela.
11:11 of 1st period - Shot Blocked by Yegor Korshkov.
11:17 of 1st period - Snap shot by Andrei Altybarmakyan.
11:17 of 1st period - Shot Misses the Net.
11:19 of 1st period - Snap shot by Yegor Korshkov.
11:19 of 1st period - Shot Misses the Net.
11:23 of 1st period - Wrist shot by Yegor Korshkov.
11:23 of 1st period - Shot Blocked by Aleksi Saarela.
11:25 of 1st period - Slapshot by Andrei Altybarmakyan.
11:25 of 1st period - Shot Misses the Net.
11:45 of 1st period - Wrist shot by Andrei Altybarmakyan.
11:45 of 1st period - Shot Misses the Net.
11:47 of 1st period - Wrist shot by Yegor Korshkov.
11:47 of 1st period - Shot Misses the Net.
11:49 of 1st period - Slapshot by Ryan Culkin.
11:49 of 1st period - Stopped by Maxime Lagace without a rebound.
11:50 of 1st period - Matthew Highmore wins face-off versus Nolan Patrick in Marlies zone.
11:55 of 1st period - Snap shot by Mathieu Olivier.
11:55 of 1st period - Shot Misses the Net.
11:57 of 1st period - Wrist shot by Mathieu Olivier.
11:57 of 1st period - Stopped by Charlie Lindgren without a rebound.
11:58 of 1st period - Alex Formenton wins face-off versus Nolan Patrick in Wolfpack zone.
12:10 of 1st period - Minor Penalty to Nolan Patrick for Roughing.
12:11 of 1st period - Aleksi Saarela wins face-off versus Sebastian Collberg in Wolfpack zone.
12:17 of 1st period - Snap shot by Aleksi Saarela.
12:17 of 1st period - Shot Misses the Net.
12:23 of 1st period - Wrist shot by Tyler Benson.
12:23 of 1st period - Goal by Tyler Benson - Wolfpack : 0 - Marlies : 1.
12:24 of 1st period - Nolan Patrick wins face-off versus Aleksi Saarela in neutral zone.
12:29 of 1st period - Lucas Carlsson is hit by Sebastian Collberg and loses puck.
13:32 of 1st period - Snap shot by Arthur Kaliyev.
13:32 of 1st period - Shot Misses the Net.
13:34 of 1st period - Snap shot by Arthur Kaliyev.
13:34 of 1st period - Stopped by Charlie Lindgren with a rebound.
13:36 of 1st period - Wrist shot by Hugh McGing.
13:36 of 1st period - Shot Misses the Net.
13:38 of 1st period - Slapshot by Jakob Forsbacka-Karlsson.
13:38 of 1st period - Stopped by Charlie Lindgren without a rebound.
13:39 of 1st period - Nolan Patrick wins face-off versus Aleksi Saarela in Wolfpack zone.
14:11 of 1st period - Wrist shot by Owen Tippet.
14:11 of 1st period - Shot Misses the Net.
14:15 of 1st period - Slapshot by Alexander Barabanov.
14:15 of 1st period - Deflect By Mathieu Olivier.
14:15 of 1st period - Shot Misses the Net.
14:15 of 1st period - Puck is out of play.
14:16 of 1st period - Matthew Highmore wins face-off versus Nolan Patrick in Marlies zone.
14:38 of 1st period - Minor Penalty to Mathieu Olivier for Holding.
14:39 of 1st period - Aleksi Saarela wins face-off versus Nolan Patrick in Marlies zone.
15:59 of 1st period - Keaton Thompson is hit by Ryan Culkin and loses puck.
16:38 of 1st period - Penalty to Mathieu Olivier is over, Mathieu Olivier is back on ice.
16:39 of 1st period - Mathieu Olivier is hit by Derrick Pouliot and loses puck.
16:50 of 1st period - Snap shot by Martin Necas.
16:50 of 1st period - Shot Misses the Net.
17:02 of 1st period - Mikhail Vorobyev is hit by Arthur Kaliyev and loses puck.
17:11 of 1st period - Snap shot by Hugh McGing.
17:11 of 1st period - Shot Misses the Net.
17:29 of 1st period - Jeffrey Viel is hit by Isac Lundestrom and loses puck.
17:57 of 1st period - Sebastian Collberg is hit by Martin Necas and loses puck.
18:20 of 1st period - Snap shot by Alex Formenton.
18:20 of 1st period - Shot Blocked by K'Andre Miller.
18:26 of 1st period - Minor Penalty to Mikhail Vorobyev for Tripping.
18:27 of 1st period - Aleksi Saarela wins face-off versus Sebastian Collberg in Wolfpack zone.
18:38 of 1st period - Slapshot by Martin Necas.
18:38 of 1st period - Shot Blocked by Nolan Patrick.
19:43 of 1st period - Nolan Patrick is hit by Dennis Gilbert and loses puck.
Goals for this period are 0 for Wolfpack vs 1 for Marlies.
Shots for this period are 9 for Wolfpack vs 7 for Marlies.
2nd period
0:01 of 2nd period - Sebastian Collberg wins face-off versus Aleksi Saarela in neutral zone.
0:26 of 2nd period - Penalty to Mikhail Vorobyev is over, Mikhail Vorobyev is back on ice.
0:37 of 2nd period - Slapshot by Joel Farabee.
0:37 of 2nd period - Stopped by Charlie Lindgren with a rebound.
0:39 of 2nd period - Backhand shot by Kole Sherwood.
0:39 of 2nd period - Shot Blocked by Colton White.
0:41 of 2nd period - Wrist shot by Joel Farabee.
0:41 of 2nd period - Shot Blocked by Colton White.
0:43 of 2nd period - Slapshot by Dennis Gilbert.
0:43 of 2nd period - Shot Misses the Net.
1:00 of 2nd period - Slapshot by Keaton Thompson.
1:00 of 2nd period - Deflect By Cale Fleury.
1:00 of 2nd period - Stopped by Charlie Lindgren without a rebound.
1:01 of 2nd period - Aleksi Saarela wins face-off versus Nolan Patrick in Wolfpack zone.
1:32 of 2nd period - Matthew Highmore is hit by Alexander Barabanov and loses puck.
1:49 of 2nd period - Snap shot by Hugh McGing.
1:49 of 2nd period - Shot Misses the Net.
1:55 of 2nd period - Slapshot by Mikhail Vorobyev.
1:55 of 2nd period - Stopped by Maxime Lagace with a rebound.
1:59 of 2nd period - Wrist shot by Mikhail Vorobyev.
1:59 of 2nd period - Shot Misses the Net.
2:19 of 2nd period - Wrist shot by Kole Sherwood.
2:19 of 2nd period - Shot Misses the Net.
2:21 of 2nd period - Snap shot by Dennis Gilbert.
2:21 of 2nd period - Stopped by Charlie Lindgren with a rebound.
2:31 of 2nd period - Aleksi Saarela is hit by Dryden Hunt.
2:39 of 2nd period - Snap shot by Sebastian Collberg.
2:39 of 2nd period - Stopped by Maxime Lagace with a rebound.
2:54 of 2nd period - Icing by Cale Fleury.
2:55 of 2nd period - Alex Barre-Boulet wins face-off versus Matthew Highmore in Wolfpack zone.
3:04 of 2nd period - Slapshot by Rasmus Dahlin.
3:04 of 2nd period - Stopped by Charlie Lindgren with a rebound.
3:08 of 2nd period - Slapshot by Mathieu Olivier.
3:08 of 2nd period - Stopped by Charlie Lindgren with a rebound.
3:20 of 2nd period - Wrist shot by Mathieu Olivier.
3:20 of 2nd period - Stopped by Charlie Lindgren without a rebound.
3:21 of 2nd period - Nolan Patrick wins face-off versus Aleksi Saarela in Wolfpack zone.
3:32 of 2nd period - Slapshot by Derrick Pouliot.
3:32 of 2nd period - Stopped by Maxime Lagace without a rebound.
3:33 of 2nd period - Aleksi Saarela wins face-off versus Nolan Patrick in Marlies zone.
3:42 of 2nd period - Martin Necas is hit by Nolan Patrick and loses puck.
3:47 of 2nd period - Slapshot by Sebastian Collberg.
3:47 of 2nd period - Stopped by Maxime Lagace with a rebound.
3:49 of 2nd period - Wrist shot by Sebastian Collberg.
3:49 of 2nd period - Stopped by Maxime Lagace with a rebound.
4:06 of 2nd period - Wrist shot by Owen Tippet.
4:06 of 2nd period - Stopped by Maxime Lagace with a rebound.
4:08 of 2nd period - Slapshot by K'Andre Miller.
4:08 of 2nd period - Shot Misses the Net.
4:18 of 2nd period - Slapshot by Lucas Carlsson.
4:18 of 2nd period - Stopped by Charlie Lindgren without a rebound.
4:19 of 2nd period - Mikhail Vorobyev wins face-off versus Isac Lundestrom in Wolfpack zone.
5:33 of 2nd period - K'Andre Miller is hit by Jakob Forsbacka-Karlsson and loses puck.
5:48 of 2nd period - Snap shot by Nolan Patrick.
5:48 of 2nd period - Shot Misses the Net.
6:05 of 2nd period - Icing by Dryden Hunt.
6:06 of 2nd period - Mikhail Vorobyev wins face-off versus Aleksi Saarela in Wolfpack zone.
7:21 of 2nd period - Backhand shot by Linus Sandin.
7:21 of 2nd period - Shot Blocked by Jakob Forsbacka-Karlsson.
7:23 of 2nd period - Snap shot by Linus Sandin.
7:23 of 2nd period - Shot Misses the Net.
7:25 of 2nd period - Slapshot by Cale Fleury.
7:25 of 2nd period - Stopped by Maxime Lagace with a rebound.
8:06 of 2nd period - Wrist shot by Mathieu Olivier.
8:06 of 2nd period - Stopped by Charlie Lindgren with a rebound.
8:51 of 2nd period - Icing by Xavier Bernard.
8:52 of 2nd period - Nolan Patrick wins face-off versus Aleksi Saarela in Marlies zone.
9:23 of 2nd period - Owen Tippet is hit by Matthew Highmore and loses puck.
9:30 of 2nd period - Slapshot by Rasmus Dahlin.
9:30 of 2nd period - Shot Misses the Net.
10:26 of 2nd period - Snap shot by Matthew Highmore.
10:26 of 2nd period - Stopped by Charlie Lindgren without a rebound.
10:27 of 2nd period - Sebastian Collberg wins face-off versus Matthew Highmore in Wolfpack zone.
10:53 of 2nd period - Martin Necas is hit by Joshua Jacobs and loses puck.
11:12 of 2nd period - Snap shot by Andrei Altybarmakyan.
11:12 of 2nd period - Shot Misses the Net.
11:14 of 2nd period - Wrist shot by Mikhail Vorobyev.
11:14 of 2nd period - Stopped by Maxime Lagace with a rebound.
11:16 of 2nd period - Backhand shot by Mikhail Vorobyev.
11:16 of 2nd period - Shot Misses the Net.
11:18 of 2nd period - Slapshot by Mikhail Vorobyev.
11:18 of 2nd period - Shot Misses the Net.
11:47 of 2nd period - Minor Penalty to Arthur Kaliyev for Tripping.
11:48 of 2nd period - Aleksi Saarela wins face-off versus Nolan Patrick in Marlies zone.
11:59 of 2nd period - Wrist shot by Tyler Benson.
11:59 of 2nd period - Stopped by Charlie Lindgren with a rebound.
12:01 of 2nd period - Slapshot by Aleksi Saarela.
12:01 of 2nd period - Shot Misses the Net.
12:03 of 2nd period - Slapshot by Lucas Carlsson.
12:03 of 2nd period - Shot Misses the Net.
12:53 of 2nd period - Rasmus Dahlin is hit by Owen Tippet and loses puck.
13:47 of 2nd period - Penalty to Arthur Kaliyev is over, Arthur Kaliyev is back on ice.
13:52 of 2nd period - Slapshot by Andrei Altybarmakyan.
13:52 of 2nd period - Shot Misses the Net.
14:12 of 2nd period - Dennis Gilbert is hit by Linus Sandin and loses puck.
15:03 of 2nd period - Aleksi Saarela is hit by Andrei Altybarmakyan and loses puck.
15:30 of 2nd period - Derrick Pouliot is hit by Lucas Carlsson and loses puck.
15:48 of 2nd period - Icing by Matthew Highmore.
15:49 of 2nd period - Mathieu Olivier wins face-off versus Alex Barre-Boulet in Marlies zone.
16:34 of 2nd period - Snap shot by Alex Barre-Boulet.
16:34 of 2nd period - Stopped by Maxime Lagace with a rebound.
16:43 of 2nd period - Matthew Highmore is hit by Alex Barre-Boulet and loses puck.
17:24 of 2nd period - Backhand shot by Alex Barre-Boulet.
17:24 of 2nd period - Shot Blocked by Matthew Highmore.
17:26 of 2nd period - Minor Penalty to Xavier Bernard for Goalie Interference.
17:27 of 2nd period - Nolan Patrick wins face-off versus Aleksi Saarela in Marlies zone.
17:35 of 2nd period - Slapshot by Colton White.
17:35 of 2nd period - Goal by Colton White - Wolfpack : 1 - Marlies : 1.
17:36 of 2nd period - Aleksi Saarela wins face-off versus Dryden Hunt in neutral zone.
18:03 of 2nd period - Joel Farabee is hit by Jeffrey Viel and loses puck.
18:12 of 2nd period - Wrist shot by Kole Sherwood.
18:12 of 2nd period - Stopped by Charlie Lindgren with a rebound.
18:14 of 2nd period - Slapshot by Dmitri Samorukov.
18:14 of 2nd period - Stopped by Charlie Lindgren with a rebound.
18:16 of 2nd period - Slapshot by Dmitri Samorukov.
18:16 of 2nd period - Deflect By Kole Sherwood.
18:16 of 2nd period - Stopped by Charlie Lindgren without a rebound.
18:17 of 2nd period - Jakob Forsbacka-Karlsson wins face-off versus Nolan Patrick in Wolfpack zone.
18:26 of 2nd period - Dmitri Samorukov is hit by Nolan Patrick and loses puck.
18:38 of 2nd period - Minor Penalty to Dryden Hunt for Roughing.
18:39 of 2nd period - Sebastian Collberg wins face-off versus Aleksi Saarela in Wolfpack zone.
19:12 of 2nd period - Icing by Mathieu Olivier.
19:13 of 2nd period - Matthew Highmore wins face-off versus Shane Pinto in Marlies zone.
19:13 of 2nd period - Matthew Highmore is hit by Alexander Barabanov.
Goals for this period are 1 for Wolfpack vs 0 for Marlies.
Shots for this period are 10 for Wolfpack vs 13 for Marlies.
3rd period
0:01 of 3rd period - Martin Necas wins face-off versus Sebastian Collberg in neutral zone.
0:38 of 3rd period - Penalty to Dryden Hunt is over, Dryden Hunt is back on ice.
0:49 of 3rd period - Wrist shot by Joel Farabee.
0:49 of 3rd period - Stopped by Charlie Lindgren with a rebound.
0:54 of 3rd period - Off-side.
0:55 of 3rd period - Nolan Patrick wins face-off versus Aleksi Saarela in neutral zone.
1:18 of 3rd period - Andrei Altybarmakyan is hit by Dennis Gilbert and loses puck.
1:38 of 3rd period - Wrist shot by Andrei Altybarmakyan.
1:38 of 3rd period - Shot Blocked by Kole Sherwood.
1:40 of 3rd period - Slapshot by Joshua Jacobs.
1:40 of 3rd period - Deflect By Owen Tippet.
1:40 of 3rd period - Stopped by Maxime Lagace without a rebound.
1:41 of 3rd period - Isac Lundestrom wins face-off versus Alex Barre-Boulet in Marlies zone.
1:46 of 3rd period - Snap shot by Alex Barre-Boulet.
1:46 of 3rd period - Shot Blocked by Lucas Carlsson.
1:48 of 3rd period - Snap shot by Owen Tippet.
1:48 of 3rd period - Shot Misses the Net.
1:50 of 3rd period - Wrist shot by Alex Barre-Boulet.
1:50 of 3rd period - Goal by Alex Barre-Boulet - Wolfpack : 2 - Marlies : 1.
1:51 of 3rd period - Martin Necas wins face-off versus Nolan Patrick in neutral zone.
2:06 of 3rd period - Slapshot by Aleksi Saarela.
2:06 of 3rd period - Stopped by Charlie Lindgren with a rebound.
2:16 of 3rd period - Mathieu Olivier is hit by Alex Barre-Boulet and loses puck.
2:39 of 3rd period - Slapshot by Rasmus Dahlin.
2:39 of 3rd period - Shot Blocked by K'Andre Miller.
2:41 of 3rd period - Slapshot by Kole Sherwood.
2:41 of 3rd period - Deflect By Yegor Korshkov.
2:41 of 3rd period - Goal by Kole Sherwood - Wolfpack : 2 - Marlies : 2.
2:42 of 3rd period - Martin Necas wins face-off versus Nolan Patrick in neutral zone.
2:53 of 3rd period - Slapshot by Derrick Pouliot.
2:53 of 3rd period - Stopped by Maxime Lagace without a rebound.
2:54 of 3rd period - Aleksi Saarela wins face-off versus Nolan Patrick in Marlies zone.
2:56 of 3rd period - Rasmus Dahlin is hit by Nolan Patrick.
3:20 of 3rd period - Owen Tippet is hit by Mathieu Olivier and loses puck.
3:25 of 3rd period - Wrist shot by Matthew Highmore.
3:25 of 3rd period - Shot Blocked by Colton White.
3:27 of 3rd period - Wrist shot by Matthew Highmore.
3:27 of 3rd period - Stopped by Charlie Lindgren with a rebound.
3:29 of 3rd period - Slapshot by Keaton Thompson.
3:29 of 3rd period - Shot Blocked by Derrick Pouliot.
3:31 of 3rd period - Slapshot by Keaton Thompson.
3:31 of 3rd period - Shot Misses the Net.
3:37 of 3rd period - Minor Penalty to Alexander Barabanov for Holding.
3:38 of 3rd period - Aleksi Saarela wins face-off versus Sebastian Collberg in Wolfpack zone.
3:43 of 3rd period - Wrist shot by Martin Necas.
3:43 of 3rd period - Stopped by Charlie Lindgren without a rebound.
3:44 of 3rd period - Sebastian Collberg wins face-off versus Aleksi Saarela in Wolfpack zone.
3:53 of 3rd period - Slapshot by Lucas Carlsson.
3:53 of 3rd period - Deflect By Tyler Benson.
3:53 of 3rd period - Goal by Tyler Benson - Wolfpack : 2 - Marlies : 3.
3:54 of 3rd period - Nolan Patrick wins face-off versus Aleksi Saarela in neutral zone.
4:01 of 3rd period - Tyler Benson is hit by Dryden Hunt and loses puck.
4:07 of 3rd period - Off-side.
4:08 of 3rd period - Nolan Patrick wins face-off versus Aleksi Saarela in neutral zone.
4:10 of 3rd period - Minor Penalty to Nolan Patrick for Tripping.
4:11 of 3rd period - Aleksi Saarela wins face-off versus Sebastian Collberg in Wolfpack zone.
4:17 of 3rd period - Minor Penalty to Tyler Benson for Tripping.
4:18 of 3rd period - Sebastian Collberg wins face-off versus Aleksi Saarela in Marlies zone.
4:24 of 3rd period - Icing by Lucas Carlsson.
4:25 of 3rd period - Aleksi Saarela wins face-off versus Sebastian Collberg in Marlies zone.
4:34 of 3rd period - Snap shot by Sebastian Collberg.
4:34 of 3rd period - Shot Misses the Net.
4:36 of 3rd period - Slapshot by Colton White.
4:36 of 3rd period - Shot Blocked by Lucas Carlsson.
4:38 of 3rd period - Backhand shot by Alexander Volkov.
4:38 of 3rd period - Shot Misses the Net.
4:40 of 3rd period - Slapshot by Derrick Pouliot.
4:40 of 3rd period - Stopped by Maxime Lagace without a rebound.
4:41 of 3rd period - Sebastian Collberg wins face-off versus Aleksi Saarela in Marlies zone.
4:46 of 3rd period - Snap shot by Alexander Volkov.
4:46 of 3rd period - Shot Misses the Net.
6:10 of 3rd period - Penalty to Nolan Patrick is over, Nolan Patrick is back on ice.
6:17 of 3rd period - Penalty to Tyler Benson is over, Tyler Benson is back on ice.
6:34 of 3rd period - Snap shot by Dryden Hunt.
6:34 of 3rd period - Stopped by Maxime Lagace without a rebound.
6:35 of 3rd period - Isac Lundestrom wins face-off versus Alex Barre-Boulet in Marlies zone.
6:35 of 3rd period - Isac Lundestrom is hit by Joshua Jacobs.
6:41 of 3rd period - Isac Lundestrom is hit by Alex Barre-Boulet and loses puck.
7:32 of 3rd period - Snap shot by Linus Sandin.
7:32 of 3rd period - Shot Blocked by Dmitri Samorukov.
7:34 of 3rd period - Wrist shot by Linus Sandin.
7:34 of 3rd period - Goal by Linus Sandin - Wolfpack : 3 - Marlies : 3.
7:35 of 3rd period - Nolan Patrick wins face-off versus Aleksi Saarela in neutral zone.
7:38 of 3rd period - Lucas Carlsson is hit by Sebastian Collberg.
7:50 of 3rd period - Slapshot by Aleksi Saarela.
7:50 of 3rd period - Goal by Aleksi Saarela - Wolfpack : 3 - Marlies : 4.
7:51 of 3rd period - Nolan Patrick wins face-off versus Aleksi Saarela in neutral zone.
8:02 of 3rd period - Snap shot by Tyler Benson.
8:02 of 3rd period - Goal by Tyler Benson - Wolfpack : 3 - Marlies : 5.
8:03 of 3rd period - Aleksi Saarela wins face-off versus Nolan Patrick in neutral zone.
8:16 of 3rd period - Snap shot by Nolan Patrick.
8:16 of 3rd period - Stopped by Maxime Lagace without a rebound.
8:17 of 3rd period - Sebastian Collberg wins face-off versus Aleksi Saarela in Marlies zone.
8:22 of 3rd period - Slapshot by Sebastian Collberg.
8:22 of 3rd period - Shot Misses the Net.
8:24 of 3rd period - Slapshot by Derrick Pouliot.
8:24 of 3rd period - Stopped by Maxime Lagace without a rebound.
8:25 of 3rd period - Aleksi Saarela wins face-off versus Nolan Patrick in Marlies zone.
8:33 of 3rd period - Off-side.
8:34 of 3rd period - Nolan Patrick wins face-off versus Tyler Benson in neutral zone.
8:59 of 3rd period - Rasmus Dahlin is hit by Colton White and loses puck.
9:04 of 3rd period - Wrist shot by Alex Barre-Boulet.
9:04 of 3rd period - Shot Misses the Net.
9:06 of 3rd period - Snap shot by Alexander Barabanov.
9:06 of 3rd period - Goal by Alexander Barabanov - Wolfpack : 4 - Marlies : 5.
9:07 of 3rd period - Martin Necas wins face-off versus Nolan Patrick in neutral zone.
9:20 of 3rd period - Wrist shot by Aleksi Saarela.
9:20 of 3rd period - Stopped by Charlie Lindgren without a rebound.
9:21 of 3rd period - Dryden Hunt wins face-off versus Aleksi Saarela in Wolfpack zone.
9:26 of 3rd period - Rasmus Dahlin is hit by Derrick Pouliot and loses puck.
10:00 of 3rd period - Owen Tippet is hit by Alex Formenton and loses puck.
10:51 of 3rd period - Snap shot by Sebastian Collberg.
10:51 of 3rd period - Deflect By Jeffrey Viel.
10:51 of 3rd period - Shot Misses the Net.
10:51 of 3rd period - Puck is out of play.
10:52 of 3rd period - Aleksi Saarela wins face-off versus Linus Sandin in Marlies zone.
10:52 of 3rd period - Dennis Gilbert is hit by Linus Sandin and loses puck.
11:00 of 3rd period - Dennis Gilbert is hit by Mason Shaw and loses puck.
11:03 of 3rd period - Snap shot by Dennis Gilbert.
11:03 of 3rd period - Stopped by Charlie Lindgren without a rebound.
11:04 of 3rd period - Nolan Patrick wins face-off versus Aleksi Saarela in Wolfpack zone.
11:04 of 3rd period - Nolan Patrick is hit by Lucas Carlsson.
11:14 of 3rd period - Sebastian Collberg is hit by Aleksi Saarela.
11:30 of 3rd period - Derrick Pouliot is hit by Kole Sherwood and loses puck.
11:47 of 3rd period - Snap shot by Sebastian Collberg.
11:47 of 3rd period - Deflect By Dryden Hunt.
11:47 of 3rd period - Shot Misses the Net.
11:47 of 3rd period - Puck is out of play.
11:48 of 3rd period - Alex Barre-Boulet wins face-off versus Aleksi Saarela in Marlies zone.
11:59 of 3rd period - Wrist shot by Alexander Barabanov.
11:59 of 3rd period - Shot Misses the Net.
12:13 of 3rd period - Mathieu Olivier is hit by Andrei Altybarmakyan and loses puck.
12:36 of 3rd period - Slapshot by Linus Sandin.
12:36 of 3rd period - Shot Hit the Post.
12:38 of 3rd period - Slapshot by Linus Sandin.
12:38 of 3rd period - Goal by Linus Sandin - Wolfpack : 5 - Marlies : 5.
12:39 of 3rd period - Nolan Patrick wins face-off versus Tyler Benson in neutral zone.
12:42 of 3rd period - Wrist shot by Colton White.
12:42 of 3rd period - Stopped by Maxime Lagace with a rebound.
13:07 of 3rd period - Snap shot by Alex Barre-Boulet.
13:07 of 3rd period - Stopped by Maxime Lagace without a rebound.
13:08 of 3rd period - Matthew Highmore wins face-off versus Alex Barre-Boulet in Marlies zone.
13:19 of 3rd period - Wrist shot by Mathieu Olivier.
13:19 of 3rd period - Stopped by Charlie Lindgren without a rebound.
13:20 of 3rd period - Nolan Patrick wins face-off versus Aleksi Saarela in Wolfpack zone.
13:22 of 3rd period - Icing by Derrick Pouliot.
13:23 of 3rd period - Aleksi Saarela wins face-off versus Nolan Patrick in Wolfpack zone.
13:32 of 3rd period - Snap shot by Martin Necas.
13:32 of 3rd period - Stopped by Charlie Lindgren without a rebound.
13:33 of 3rd period - Nolan Patrick wins face-off versus Aleksi Saarela in Wolfpack zone.
13:38 of 3rd period - Rasmus Dahlin is hit by Sebastian Collberg and loses puck.
13:49 of 3rd period - Wrist shot by Sebastian Collberg.
13:49 of 3rd period - Stopped by Maxime Lagace without a rebound.
13:50 of 3rd period - Alex Barre-Boulet wins face-off versus Matthew Highmore in Marlies zone.
14:23 of 3rd period - Snap shot by Sebastian Collberg.
14:23 of 3rd period - Stopped by Maxime Lagace with a rebound.
14:39 of 3rd period - Jakob Forsbacka-Karlsson is hit by Mikhail Vorobyev and loses puck.
15:08 of 3rd period - Slapshot by Joel Farabee.
15:08 of 3rd period - Stopped by Charlie Lindgren with a rebound.
15:38 of 3rd period - Dryden Hunt is hit by Aleksi Saarela and loses puck.
17:14 of 3rd period - Wrist shot by Mason Shaw.
17:14 of 3rd period - Stopped by Maxime Lagace with a rebound.
17:32 of 3rd period - Slapshot by Rasmus Dahlin.
17:32 of 3rd period - Shot Misses the Net.
17:40 of 3rd period - Hugh McGing is hit by Owen Tippet and loses puck.
18:29 of 3rd period - Icing by Cale Fleury.
18:30 of 3rd period - Matthew Highmore wins face-off versus Alex Barre-Boulet in Wolfpack zone.
18:33 of 3rd period - Wrist shot by Mathieu Olivier.
18:33 of 3rd period - Shot Misses the Net.
Goals for this period are 4 for Wolfpack vs 4 for Marlies.
Shots for this period are 15 for Wolfpack vs 13 for Marlies.
Overtime #1
0:01 of 1st overtime period - Aleksi Saarela wins face-off versus Nolan Patrick in neutral zone.
0:26 of 1st overtime period - Mathieu Olivier is hit by Dryden Hunt and loses puck.
1:01 of 1st overtime period - Snap shot by Joel Farabee.
1:01 of 1st overtime period - Deflect By Owen Tippet.
1:01 of 1st overtime period - Shot Misses the Net.
1:01 of 1st overtime period - Puck is out of play.
1:02 of 1st overtime period - Joel Farabee wins face-off versus Nolan Patrick in Wolfpack zone.
1:11 of 1st overtime period - Snap shot by Joel Farabee.
1:11 of 1st overtime period - Shot Misses the Net.
1:13 of 1st overtime period - Snap shot by Alex Formenton.
1:13 of 1st overtime period - Shot Misses the Net.
1:15 of 1st overtime period - Wrist shot by Joel Farabee.
1:15 of 1st overtime period - Shot Blocked by Sebastian Collberg.
1:19 of 1st overtime period - Snap shot by Joel Farabee.
1:19 of 1st overtime period - Shot Blocked by Derrick Pouliot.
1:39 of 1st overtime period - Snap shot by Sebastian Collberg.
1:39 of 1st overtime period - Stopped by Maxime Lagace with a rebound.
1:41 of 1st overtime period - Snap shot by Nolan Patrick.
1:41 of 1st overtime period - Stopped by Maxime Lagace with a rebound.
1:43 of 1st overtime period - Wrist shot by Derrick Pouliot.
1:43 of 1st overtime period - Stopped by Maxime Lagace without a rebound.
1:44 of 1st overtime period - Dryden Hunt wins face-off versus Aleksi Saarela in Marlies zone.
2:15 of 1st overtime period - Snap shot by Owen Tippet.
2:15 of 1st overtime period - Goal by Owen Tippet - Wolfpack : 6 - Marlies : 5.
Goals for this period are 1 for Wolfpack vs 0 for Marlies.
Shots for this period are 4 for Wolfpack vs 0 for Marlies.